AoeStats
← GORGORY

Arabia

508419576Analyzed
1v1 RM · 10d ago on Sep 22, 2026· 77m 30s· 2 players
Game mode
Random Map
Map size
Tiny (2 player)
Population
200
Speed
Normal
Resources
Standard
Victory
Conquest
Starting age
Dark Age
Ending age
Imperial Age
RankedLock teamsTeams togetherTeam positionsShared explorationLock speedFull tech treeHidden civsTurbo modeCheats
Victory
Defeat
🇦🇷 Magyars · Argentina
1010
+17
🇫🇷 Sicilians · France
1029
-17
GORGORY
6:16 Loom
6:19 Loom
9:18 Feudal Age
9:53 Double-Bit Axe
10:22 Horse Collar
15:14 Wheelbarrow
20:30 Castle Age
20:21 Scale Barding Armor
20:55 Stone Mining
21:59 Fervor
25:20 Sanctity
33:41 Bloodlines
34:07 Town Watch
35:29 Ballistics
35:30 Husbandry
36:31 Heavy Plow
38:58 Hand Cart
39:43 Town Patrol
41:04 Ballistics
40:20 Light Cavalry
46:07 Imperial Age
44:22 Chain Barding Armor
44:37 Gold Mining
45:02 Bow Saw
44:50 Fletching
45:00 Padded Archer Armor
45:01 Murder Holes
45:54 Gold Shaft Mining
46:22 Thumb Ring
47:47 Conscription
46:51 Cavalier
47:33 Heavy Cavalry Archer
49:15 Parthian Tactics
50:40 Leather Archer Armor
50:20 Bodkin Arrow
56:49 Plate Barding Armor
56:45 Ring Archer Armor
56:15 Bracer
61:02 Crossbowman
64:15 Paladin
69:52 Two-Man Saw
ROSA CANINA
2:39 Loom
5:52 Loom
9:36 Feudal Age
11:28 Double-Bit Axe
15:03 Horse Collar
22:31 Town Watch
23:58 Scale Mail Armor
25:06 Arson
25:39 Fletching
28:24 Wheelbarrow
29:27 Forging
33:57 Castle Age
34:09 Pikeman
34:51 Squires
34:43 Gambesons
35:15 Chain Mail Armor
37:05 Town Patrol
37:23 Man-at-Arms
40:18 Long Swordsman
44:12 Gold Mining
44:14 Stone Mining
48:59 Iron Casting
48:19 Bodkin Arrow
51:30 Bow Saw
51:22 Heavy Plow
52:45 Hand Cart
58:27 Imperial Age
57:38 Gold Shaft Mining
58:24 Ballistics
58:03 Murder Holes
58:18 Masonry
58:40 Halberdier
60:22 Blast Furnace
60:01 Plate Mail Armor
59:32 Heavy Scorpion
60:17 Capped Ram
61:31 Siege Ram
63:26 Chemistry
66:21 Two-Handed Swordsman
67:49 Bracer
69:10 Champion
70:41 Crop Rotation
Connection lost

Rejoining the realm…

Still unreachable

The connection could not be restored.

Session expired

The server has moved on; the page needs a fresh start.